 Dungeon Crawl Stone Soup version 0.31.0-32-g396128a36d (webtiles) character file.

Game seed: 11366640986091914602

226 spaghetti the Cudgeller (level 5, -5/41 HPs)
             Began as a Mummy Berserker on Mar 24, 2024.
             Was a Believer of Trog.
             Slain by a black bear (6 damage)
             ... on level 4 of the Dungeon.
             The game lasted 00:02:10 (2084 turns).

spaghetti the Cudgeller (Mummy Berserker)           Turns: 2084, Time: 00:02:10

Health: -5/41      AC:  4    Str: 25    XL:     5   Next: 69%
Magic:  5/5        EV: 12    Int:  1    God:    Trog [**....]
Gold:   96         SH:  0    Dex: 12    Spells: 4/4 levels left

rFire   x . .        d - +6 whip
rCold   + . .        (no shield)
rNeg    + + +        b - +1 animal skin
rPois   ∞            (no helmet)
rElec   .            (no cloak)
rCorr   .            f - +0 pair of gloves of Wausm {rPois Regen+ Str+3 Int-5}
SInv    .            (no boots)
Will    .....        (no amulet)
Stlth   +            (no ring)
HPRegen 1.06/turn    (no ring)
MPRegen 0.09/turn

%: faith
@: no status effects
A: cold resistance 1, negative energy resistance 3, torment resistance 2, heat
vulnerability 1, in touch with death 1, no potions, faith
a: Renounce Religion, Trog's Hand


You were on level 4 of the Dungeon.
You worshipped Trog.
Trog was pleased with you.
You visited 1 branch of the dungeon, and saw 4 of its levels.

You collected 96 gold pieces.

Inventory:

Hand Weapons
 a - a +0 mace
 d - a +6 whip (weapon)
Armour
 b - a +1 animal skin (worn)
 f - the +0 pair of gloves of Wausm (worn) {rPois Regen+ Str+3 Int-5}
   (You found it on level 3 of the Dungeon)

   Str+3:     It affects your strength (+3).
   Int-5:     It affects your intelligence (-5).
   rPois:     It protects you from poison Regen+: It increases your rate of
   health regeneration.
Jewellery
 c - a ring of ice
Scrolls
 e - a scroll of noise
 g - 2 scrolls of identify


   Skills:
 - Level 3.0 Fighting
 + Level 5.4 Maces & Flails
 - Level 1.5 Armour
 - Level 1.5 Dodging


You had 4 spell levels left.
You didn't know any spells.
Your spell library was empty.

Dungeon Overview and Level Annotations

Branches:
Dungeon (4/15)             Temple (0/1) D:4

Altars:


Innate Abilities, Weirdness & Mutations

You are immune to poison.
Your flesh is cold resistant. (rC+)
You are immune to negative energy. (rN+++)
You are immune to unholy pain and torment.
You are vulnerable to heat. (rF-)
You are in touch with the powers of death.
You do not drink.
You have a special connection with the divine. (Faith)


Message History

You hit the black bear.
The black bear is severely wounded.
The black bear goes berserk!
A jackal comes into view.
The jackal barks!
You hit the black bear.
The black bear is almost dead.
You hear a bark!
The black bear bites you! The black bear claws you.
The black bear barely misses you. The jackal barely misses you.
You hit the black bear.
The black bear is almost dead.
The black bear bites you! The black bear barely misses you.
The black bear completely misses you. The jackal misses you.
The black bear bites you.
* * * LOW HITPOINT WARNING * * *
The black bear barely misses you. The black bear claws you.
* * * LOW HITPOINT WARNING * * *
The jackal closely misses you.
Unknown command.
Unknown command.
Unknown command.
You closely miss the black bear. You punch the black bear.
The black bear is almost dead.
A jackal comes into view.
The black bear bites you.
* * * LOW HITPOINT WARNING * * *
The black bear claws you.
* * * LOW HITPOINT WARNING * * *
The black bear claws you.
* * * LOW HITPOINT WARNING * * *
The jackal bites you but does no damage.
Unknown command.
Unknown command.
The jackal barks!
You hit the black bear but do no damage.
The black bear is almost dead.
You hear a shout! x2
The black bear barely misses you. The black bear claws you.
You die...

.###.....# #.#
...#†....# #.##
.#.#.##..###..#
...#.###......# ##
.#.#.###......###.### #
...<......†>.P.........
..#######P)...###.##.###
.............P..)....h..
##.#######......@h##.#.
...# #.###...h...# ####
#.# #.##.#h...# #.# #.#
.# .... #.# #.# .. .##
#.# ... ### # .# ...


You could see a black bear (berserk) and 3 jackals.

Vanquished Creatures
  Sigmund (D:3)
  2 adders (D:4)
  A dart slug (D:1)
  2 ribbon worms
  7 orcs
  2 endoplasms
  A giant cockroach (D:1)
  4 goblins
  5 hobgoblins
  4 kobolds
  A quokka (D:4)
  2 ball pythons
  A bat (D:3)
  A frilled lizard (D:3)
  4 rats
38 creatures vanquished.

Notes
Turn   | Place    | Note
-------+----------+-------------------------------------------
     0 | D:1      | spaghetti the Mummy Berserker began the quest for the Orb.
     0 | D:1      | Reached XP level 1. HP: 18/18 MP: 1/1
   161 | D:1      | Reached skill level 3 in Maces & Flails
   161 | D:1      | Reached XP level 2. HP: 24/24 MP: 2/2
   461 | D:1      | Reached ** piety under Trog
  1267 | D:3      | Reached XP level 3. HP: 21/29 MP: 3/3
  1390 | D:3      | Identified the +0 pair of gloves of Wausm {rPois Regen+
                  | Str+3 Int-5}
  1662 | D:3      | Noticed Sigmund
  1677 | D:3      | Killed Sigmund
  1678 | D:3      | Reached skill level 5 in Maces & Flails
  1678 | D:3      | Reached XP level 4. HP: 8/35 MP: 4/4
  1678 | D:3      | Reached XP level 5. HP: 9/41 MP: 5/5
  1899 | D:4      | Found a staircase to the Ecumenical Temple.
  2068 | D:4      | Noticed a black bear
  2083 | D:4      | HP: 1/41 [black bear (2)]
  2084 | D:4      | Slain by a black bear

Illustrated notes

Levels and vault maps discovered:
D:1:      giann_bridges, layout_loops_ring
D:2:      layout_basic
D:3:      layout_loops_ring, uniq_sigmund
D:4:      kennysheep_the_goblin_king, layout_basic,
          minmay_temple_entry_overgrown

Skill      XL: |  1  2  3 |
---------------+----------+-----
Maces & Flails | 3 5 |  5.4
Fighting       | |  3.0
Armour         | |  1.5
Dodging        | |  1.5

Action                     |  1- 3 |  4- 6 || total
---------------------------+-------+-------++-------
  Melee: Mace              |    38 |       ||    38
         Whip              |    49 |    45 ||    94
         Punch             |       |     1 ||     1
 Invoke: Trog's Hand       |     1 |       ||     1
    Use: Scroll            |     6 |       ||     6
   Stab: Sleeping          |     2 |       ||     2
 Armour: Animal skin       |    36 |    34 ||    70
  Dodge: Dodged            |    45 |    27 ||    72
